TOP OF THE 1ST |
Richardson City Thundercats batting - Pitching for Detroit Renaissance : LHP Ernest Torres
|
Pitching: LHP Ernest Torres
|
|
Batting: SHB Mitch Qualtrough
|
0-0: Ground out 5-3 (Groundball, 56)
|
Batting: RHB Alden Wiley
|
0-0: Ball 1-0: Fly out, F4 (Line Drive, 4D)
|
Batting: RHB Pedro Castillo
|
0-0: SINGLE (Groundball, 6MD)
|
Batting: RHB Tomás Martínez
|
0-0: Ball 1-0: Called Strike 1-1: Ball 2-1: SINGLE (Flyball, 78S) Pedro Castillo to second
|
Batting: RHB Alan Elder
|
0-0: Ball 1-0: Ball 2-0: Ground out 1-3 (Groundball, 15)
|
Top of the 1st over - 0 run(s), 2 hit(s), 0 error(s), 2 left on base; Richardson City 0 - Detroit 0 |
BOTTOM OF THE 1ST |
Detroit Renaissance batting - Pitching for Richardson City Thundercats : RHP Cordell Wilson
|
Pitching: RHP Cordell Wilson
|
|
Batting: RHB Bernardo Herrera
|
0-0: Ball 1-0: Fly out, F6 (Popup, 6MD)
|
Batting: LHB Eric Thackston
|
0-0: Ball 1-0: DOUBLE (Flyball, 8LXD)
|
Batting: RHB Nate Cates
|
0-0: DOUBLE (Groundball, 5L) Eric Thackston scores
|
Batting: SHB Ryan Forrest
|
0-0: Ball 1-0: Ball 2-0: Called Strike 2-1: Ball 3-1: Base on Balls
|
Batting: RHB Ludwig Kluge
|
0-0: Ball 1-0: Ball 2-0: Ball 3-0: Called Strike 3-1: Fly out, F8 (Flyball, 8LD) Runner from 2nd tags up, SAFE at 3rd with throw
|
Batting: RHB Zong-yuan Fung
|
0-0: DOUBLE (Groundball, 3L) Nate Cates scores Ryan Forrest to third
|
Batting: SHB Mike Barton
|
0-0: Ball 1-0: Fly out, F7 (Line Drive, 7)
|
Bottom of the 1st over - 2 run(s), 3 hit(s), 0 error(s), 2 left on base; Richardson City 0 - Detroit 2 |
TOP OF THE 2ND |
Richardson City Thundercats batting - Pitching for Detroit Renaissance : LHP Ernest Torres
|
Batting: RHB Junior Pittman
|
0-0: Ball 1-0: Called Strike 1-1: Fly out, F8 (Flyball, 8RD)
|
Batting: RHB Anselmo Berneu
|
0-0: Ball 1-0: Swinging Strike 1-1: Foul Ball, location: 2F 1-2: Foul Ball, location: 2F 1-2: Ball 2-2: Foul Ball, location: 2F 2-2: Ball 3-2: Foul Ball, location: 2F 3-2: Strikes out swinging
|
Batting: RHB Joey Jones
|
0-0: Called Strike 0-1: Ball 1-1: Ball 2-1: Ball 3-1: SINGLE (Flyball, 8LS)
|
Batting: LHB Carroll Martin
|
0-0: Ball 1-0: Swinging Strike 1-1: Ball 2-1: Ball 3-1: Foul Ball, location: 2F 3-2: Ground out 4-3 (Groundball, 4)
|
Top of the 2nd over - 0 run(s), 1 hit(s), 0 error(s), 1 left on base; Richardson City 0 - Detroit 2 |
BOTTOM OF THE 2ND |
Detroit Renaissance batting - Pitching for Richardson City Thundercats : RHP Cordell Wilson
|
Batting: RHB Roberto Hernández
|
0-0: Fly out, F8 (Flyball, 8LM)
|
Batting: RHB Kenneth Noid
|
0-0: Ground out 4-3 (Groundball, 4S)
|
Batting: RHB Bernardo Herrera
|
0-0: SINGLE (Groundball, 56D)
|
Batting: LHB Eric Thackston
|
0-0: Ball Throwing error on steal attempt, E2 Bernardo Herrera to third 1-0: Foul Ball, location: 2F 1-1: Ball 2-1: Ball 3-1: Called Strike 3-2: Foul Ball, location: 2F 3-2: Strikes out swinging
|
Bottom of the 2nd over - 0 run(s), 1 hit(s), 1 error(s), 1 left on base; Richardson City 0 - Detroit 2 |
TOP OF THE 3RD |
Richardson City Thundercats batting - Pitching for Detroit Renaissance : LHP Ernest Torres
|
Batting: SHB Mitch Qualtrough
|
0-0: SINGLE (Groundball, 25) (infield hit)
|
Batting: RHB Alden Wiley
|
0-0: Foul Ball, location: 2F 0-1: Called Strike 0-2: Ball 1-2: Foul Ball, location: 2F 1-2: Grounds into double play, 5-4-3 (Groundball, 5L)
|
Batting: RHB Pedro Castillo
|
0-0: Ball 1-0: Ball 2-0: Ball 3-0: Base on Balls
|
Batting: RHB Tomás Martínez
|
0-0: Called Strike 0-1: Ball 1-1: Ball 2-1: Foul Ball, location: 2F 2-2: Ball 3-2: Ground out 6-3 (Groundball, 6)
|
Top of the 3rd over - 0 run(s), 1 hit(s), 0 error(s), 1 left on base; Richardson City 0 - Detroit 2 |
BOTTOM OF THE 3RD |
Detroit Renaissance batting - Pitching for Richardson City Thundercats : RHP Cordell Wilson
|
Batting: RHB Nate Cates
|
0-0: Foul Ball, location: 2F 0-1: Ground out 6-3 (Groundball, 6)
|
Batting: SHB Ryan Forrest
|
0-0: Ball 1-0: Ball 2-0: Called Strike 2-1: Fly out, F5 (Popup, 56)
|
Batting: RHB Ludwig Kluge
|
0-0: Called Strike 0-1: Ball 1-1: Ball 2-1: Foul Ball, location: 2F 2-2: Ground out 4-3 (Groundball, 4)
|
Bottom of the 3rd over - 0 run(s), 0 hit(s), 0 error(s), 0 left on base; Richardson City 0 - Detroit 2 |
TOP OF THE 4TH |
Richardson City Thundercats batting - Pitching for Detroit Renaissance : LHP Ernest Torres
|
Batting: RHB Alan Elder
|
0-0: Foul Ball, location: 2F 0-1: Swinging Strike 0-2: Ball 1-2: Ball 2-2: Ball 3-2: Foul Ball, location: 2F 3-2: Ground out 6-3 (Groundball, 6)
|
Batting: RHB Junior Pittman
|
0-0: Called Strike 0-1: Ball 1-1: Foul Ball, location: 2F 1-2: Strikes out looking
|
Batting: RHB Anselmo Berneu
|
0-0: Called Strike 0-1: Ball 1-1: Called Strike 1-2: Foul Ball, location: 2F 1-2: Foul Ball, location: 2F 1-2: Foul Ball, location: 2F 1-2: Ball 2-2: Fly out, F2 (Popup, 3S)
|
Top of the 4th over - 0 run(s), 0 hit(s), 0 error(s), 0 left on base; Richardson City 0 - Detroit 2 |
BOTTOM OF THE 4TH |
Detroit Renaissance batting - Pitching for Richardson City Thundercats : RHP Cordell Wilson
|
Batting: RHB Zong-yuan Fung
|
0-0: Ground out 6-3 (Groundball, 6)
|
Batting: SHB Mike Barton
|
0-0: Called Strike 0-1: Ball 1-1: Called Strike 1-2: Ball 2-2: Foul Ball, location: 2F 2-2: Strikes out looking
|
Batting: RHB Roberto Hernández
|
0-0: Ball 1-0: Fly out, F3 (Line Drive, 3)
|
Bottom of the 4th over - 0 run(s), 0 hit(s), 0 error(s), 0 left on base; Richardson City 0 - Detroit 2 |
TOP OF THE 5TH |
Richardson City Thundercats batting - Pitching for Detroit Renaissance : LHP Ernest Torres
|
Batting: RHB Joey Jones
|
0-0: Ball 1-0: Ball 2-0: Ball 3-0: Ground out 6-3 (Groundball, 6)
|
Batting: LHB Carroll Martin
|
0-0: Swinging Strike 0-1: Swinging Strike 0-2: Strikes out swinging
|
Batting: SHB Mitch Qualtrough
|
0-0: Called Strike 0-1: Ball 1-1: Ball 2-1: Foul Ball, location: 2F 2-2: Ball 3-2: Strikes out swinging
|
Top of the 5th over - 0 run(s), 0 hit(s), 0 error(s), 0 left on base; Richardson City 0 - Detroit 2 |
BOTTOM OF THE 5TH |
Detroit Renaissance batting - Pitching for Richardson City Thundercats : RHP Cordell Wilson
|
Batting: RHB Kenneth Noid
|
0-0: Ball 1-0: Swinging Strike 1-1: SINGLE (Groundball, 6MD)
|
Batting: RHB Bernardo Herrera
|
0-0: Bunt missed! 0-1: Ball 1-1: Ball 2-1: Ball 3-1: Sac Bunt - play at first, batter OUT! 3-4 Kenneth Noid to second
|
Batting: LHB Eric Thackston
|
0-0: Called Strike 0-1: Ball 1-1: Foul Ball, location: 2F 1-2: Foul Ball, location: 2F 1-2: Foul Ball, location: 2F 1-2: Ball 2-2: Ball 3-2: Foul Ball, location: 2F 3-2: Base on Balls
|
Batting: RHB Nate Cates
|
0-0: Foul Ball, location: 2F 0-1: Ball 1-1: Ball Kenneth Noid is caught stealing 3rd base Eric Thackston to second 2-1: Foul Ball, location: 2F 2-2: Foul Ball, location: 2F 2-2: Strikes out looking
|
Bottom of the 5th over - 0 run(s), 1 hit(s), 0 error(s), 1 left on base; Richardson City 0 - Detroit 2 |
TOP OF THE 6TH |
Richardson City Thundercats batting - Pitching for Detroit Renaissance : LHP Ernest Torres
|
Batting: RHB Alden Wiley
|
0-0: Ball 1-0: Foul Ball, location: 2F 1-1: Ball 2-1: Foul Ball, location: 2F 2-2: Ball 3-2: Base on Balls
|
Batting: RHB Pedro Castillo
|
0-0: Fly out, F8 (Flyball, 8LS)
|
Batting: RHB Tomás Martínez
|
0-0: Ball 1-0: Ball 2-0: Called Strike 2-1: Fly out, F8 (Flyball, 78XD)
|
Batting: RHB Alan Elder
|
0-0: Ball Passed Ball! Alden Wiley to second 1-0: Ball 2-0: Called Strike 2-1: Fly out, F6 (Popup, 6S)
|
Top of the 6th over - 0 run(s), 0 hit(s), 0 error(s), 1 left on base; Richardson City 0 - Detroit 2 |
BOTTOM OF THE 6TH |
Detroit Renaissance batting - Pitching for Richardson City Thundercats : RHP Cordell Wilson
|
Batting: SHB Ryan Forrest
|
0-0: Ball 1-0: Swinging Strike 1-1: Foul Ball, location: 2F 1-2: Ball 2-2: Ball 3-2: Strikes out swinging
|
Batting: RHB Ludwig Kluge
|
0-0: Ball 1-0: Ball 2-0: Called Strike 2-1: Swinging Strike 2-2: Ground out 3-1 (Groundball, 34S)
|
Batting: RHB Zong-yuan Fung
|
0-0: Ball 1-0: SINGLE (Groundball, 34D)
|
Batting: SHB Mike Barton
|
0-0: Ball 1-0: Foul Ball, location: 2F 1-1: Called Strike 1-2: Foul Ball, location: 2F 1-2: SINGLE (Groundball, 56D) Zong-yuan Fung to second
|
Batting: RHB Roberto Hernández
|
0-0: Called Strike 0-1: Called Strike 0-2: Foul Ball, location: 2F 0-2: Ball 1-2: Ball 2-2: Foul Ball, location: 2F 2-2: Ball 3-2: Foul Ball, location: 2F 3-2: Strikes out looking
|
Bottom of the 6th over - 0 run(s), 2 hit(s), 0 error(s), 2 left on base; Richardson City 0 - Detroit 2 |
TOP OF THE 7TH |
Richardson City Thundercats batting - Pitching for Detroit Renaissance : LHP Ernest Torres
|
Batting: RHB Junior Pittman
|
0-0: Ball 1-0: Ball 2-0: Ball 3-0: Called Strike 3-1: SINGLE (Groundball, 25) (infield hit)
|
Pitching: RHP Lyle Lanley
|
|
Batting: RHB Anselmo Berneu
|
0-0: Foul Ball, location: 2F 0-1: Hit by Pitch Junior Pittman to second
|
Batting: RHB Joey Jones
|
0-0: Swinging Strike 0-1: Ball 1-1: Called Strike 1-2: Strikes out looking
|
Batting: LHB Carroll Martin
|
0-0: Called Strike 0-1: Ball 1-1: Swinging Strike 1-2: Foul Ball, location: 2F 1-2: Ball 2-2: Strikes out looking
|
Batting: SHB Mitch Qualtrough
|
0-0: Called Strike 0-1: Foul Ball, location: 2F 0-2: Foul Ball, location: 2F 0-2: Fielders Choice at 2nd, 4-6 (Groundball, 4)
|
Top of the 7th over - 0 run(s), 1 hit(s), 0 error(s), 1 left on base; Richardson City 0 - Detroit 2 |
BOTTOM OF THE 7TH |
Detroit Renaissance batting - Pitching for Richardson City Thundercats : RHP Cordell Wilson
|
Pitching: LHP Armando Gonzáles
|
|
Batting: RHB Kenneth Noid
|
0-0: Ball 1-0: Ball 2-0: Called Strike 2-1: Foul Ball, location: 2F 2-2: Foul Ball, location: 2F 2-2: SINGLE (Line Drive, 6M)
|
Batting: RHB Bernardo Herrera
|
0-0: Ball 1-0: Bunted foul 1-1: Bunted foul 1-2: Ball 2-2: SINGLE (Groundball, 6MD) Kenneth Noid to second Throwing error, E8 Kenneth Noid scores Bernardo Herrera to second
|
Batting: LHB Eric Thackston
|
0-0: Called Strike 0-1: Bunt missed! 0-2: Ball 1-2: Foul Ball, location: 2F 1-2: SINGLE (Groundball, 56D) Bernardo Herrera to third Runner from 3rd tries for Home, SAFE, no throw
|
Pitching: RHP Dave Reed
|
|
Batting: RHB Nate Cates
|
0-0: Grounds into double play, 6-4-3 (Groundball, 6)
|
Batting: SHB Ryan Forrest
|
0-0: Called Strike 0-1: Ball 1-1: Ball 2-1: Called Strike 2-2: Ball 3-2: Ground out U3 (Groundball, 34S)
|
Bottom of the 7th over - 2 run(s), 3 hit(s), 1 error(s), 0 left on base; Richardson City 0 - Detroit 4 |
TOP OF THE 8TH |
Richardson City Thundercats batting - Pitching for Detroit Renaissance : RHP Lyle Lanley
|
Batting: RHB Alden Wiley
|
0-0: Ball 1-0: Ball 2-0: Ball 3-0: Called Strike 3-1: Swinging Strike 3-2: Fly out, F6 (Line Drive, 6M)
|
Batting: RHB Pedro Castillo
|
0-0: Ground out 6-3 (Groundball, 6)
|
Batting: RHB Tomás Martínez
|
0-0: Ground out 5-3 (Groundball, 5)
|
Top of the 8th over - 0 run(s), 0 hit(s), 0 error(s), 0 left on base; Richardson City 0 - Detroit 4 |
BOTTOM OF THE 8TH |
Detroit Renaissance batting - Pitching for Richardson City Thundercats : RHP Dave Reed
|
Batting: RHB Ludwig Kluge
|
0-0: Ball 1-0: Called Strike 1-1: Swinging Strike 1-2: Fly out, F8 (Flyball, 8LD)
|
Batting: RHB Zong-yuan Fung
|
0-0: Ground out 4-3 (Groundball, 4)
|
Batting: SHB Mike Barton
|
0-0: Foul Ball, location: 2F 0-1: Ball 1-1: Ball 2-1: Swinging Strike 2-2: Strikes out swinging
|
Bottom of the 8th over - 0 run(s), 0 hit(s), 0 error(s), 0 left on base; Richardson City 0 - Detroit 4 |
TOP OF THE 9TH |
Richardson City Thundercats batting - Pitching for Detroit Renaissance : RHP Lyle Lanley
|
Batting: RHB Alan Elder
|
0-0: Called Strike 0-1: Foul Ball, location: 2F 0-2: Strikes out swinging
|
Batting: RHB Junior Pittman
|
0-0: Ball 1-0: Called Strike 1-1: Foul Ball, location: 2F 1-2: Strikes out swinging
|
Batting: RHB Anselmo Berneu
|
0-0: Ball 1-0: SINGLE (Groundball, 6D)
|
Batting: RHB Joey Jones
|
0-0: Foul Ball, location: 2F 0-1: Ball 1-1: Ball 2-1: Foul Ball, location: 2F 2-2: Ball 3-2: Base on Balls Anselmo Berneu to second
|
Pitching: RHP Bruce Wright
|
|
Batting: LHB Carroll Martin
|
0-0: Ball 1-0: Ball 2-0: Called Strike 2-1: Ball 3-1: Fly out, F3 (Line Drive, 3)
|
Top of the 9th over - 0 run(s), 1 hit(s), 0 error(s), 2 left on base; Richardson City 0 - Detroit 4 |
|